[Event "EYTCC U18 Open 2019"]
[Site "Pardubice"]
[Date "2019.07.11"]
[Round "1.1"]
[White "Miesbauer, Jan"]
[Black "Gazik, Viktor"]
[Result "0-1"]
[ECO "A21"]
[WhiteElo "2409"]
[BlackElo "2525"]
[Annotator "ChessBase"]
[PlyCount "80"]
[EventDate "2019.07.11"]
[EventType "swiss"]
[EventCountry "CZE"]
[SourceTitle "playchess.com"]
[Source "ChessBase"]
[SourceQuality "1"]
[WhiteTeam "Czech Republic"]
[BlackTeam "Slovakia"]
[WhiteTeamCountry "CZE"]
[BlackTeamCountry "SVK"]
[TimeControl "40/5400+30:1800+30"]

1. c4 e5 2. Nc3 Bb4 3. g3 Bxc3 4. dxc3 d6 5. Bg2 f5 6. Nf3 Qe7 7. Qc2 Nf6 8. Bg5 h6 9. Bxf6 Qxf6 10. Nd2 O-O 11. c5 c6 12. cxd6 Qxd6 13. a4 Be6 14. a5 Nd7 15. O-O Rae8 16. Rad1 Qc7 17. a6 b5 18. c4 Qb6 19. cxb5 cxb5 20. Qc6 e4 21. Qxb6 Nxb6 22. g4 Bd5 23. gxf5 Rxf5 24. Rc1 Nc4 25. Nxc4 Bxc4 26. Rfd1 Rf6 27. Rd4 e3 28. fxe3 Rxe3 29. Bf3 Rxa6 30. Kf2 Re5 31. Rd7 Rf6 32. Re1 a5 33. e4 Rh5 34. e5 Rf8 35. Re3 Rxh2+ 36. Kg3 Rxb2 37. Bd5+ Bxd5 38. Rxd5 a4 39. Kg4 Rb4+ 40. Kg3 Re8 0-1

[Event "EYTCC U18 Open 2019"]
[Site "Pardubice"]
[Date "2019.07.11"]
[Round "1.3"]
[White "Svanda, Ondrej"]
[Black "Haring, Filip"]
[Result "0-1"]
[ECO "A22"]
[WhiteElo "2234"]
[BlackElo "2334"]
[Annotator "NA"]
[PlyCount "76"]
[EventDate "2019.07.11"]
[EventType "swiss"]
[EventCountry "CZE"]
[SourceTitle "playchess.com"]
[Source "ChessBase"]
[SourceQuality "1"]
[WhiteTeam "Czech Republic"]
[BlackTeam "Slovakia"]
[WhiteTeamCountry "CZE"]
[BlackTeamCountry "SVK"]
[TimeControl "40/5400+30:1800+30"]

1. c4 Nf6 2. Nc3 e5 3. g3 d5 4. cxd5 Nxd5 5. Bg2 Nb6 6. Nf3 Nc6 7. O-O Be7 8. a3 Be6 9. b4 O-O 10. Rb1 f6 11. d3 Qd7 12. Ne4 Rab8 13. Bb2 Rfd8 14. Rc1 a5 15. b5 Na7 16. a4 c6 17. Bc3 cxb5 18. Bxa5 Nxa4 19. Bxd8 Rxd8 20. Nfd2 f5 21. Nc3 Nc5 22. Ra1 b6 23. Nd5 Nc8 24. Nxe7+ Nxe7 25. Nf3 Nc6 26. Qb1 b4 27. Ng5 Bb3 28. Bxc6 Qxc6 29. Rc1 Qd5 30. e4 Qxd3 31. Rxc5 Qxb1+ 32. Rxb1 bxc5 33. Rxb3 Rb8 34. Nf3 c4 35. Rb1 c3 36. Nxe5 b3 37. Nd3 c2 38. Rb2 Rd8 0-1

[Event "EYTCC U18 Open 2019"]
[Site "Pardubice"]
[Date "2019.07.11"]
[Round "1.4"]
[White "Sahidi, Samir"]
[Black "Mica, Marek"]
[Result "1/2-1/2"]
[ECO "E32"]
[WhiteElo "2369"]
[BlackElo "2222"]
[Annotator "NA"]
[PlyCount "113"]
[EventDate "2019.07.11"]
[EventType "swiss"]
[EventCountry "CZE"]
[SourceTitle "playchess.com"]
[Source "ChessBase"]
[SourceQuality "1"]
[WhiteTeam "Slovakia"]
[BlackTeam "Czech Republic"]
[WhiteTeamCountry "SVK"]
[BlackTeamCountry "CZE"]
[TimeControl "40/5400+30:1800+30"]

1. d4 Nf6 2. c4 e6 3. Nc3 Bb4 4. Qc2 O-O 5. e4 Bxc3+ 6. bxc3 d6 {[%emt 0:00:32] E32: Nimzo-Indian: Classical (4 Qc2): 4...0-0} 7. Bd3 e5 (7... Nbd7 8. f4 e5 9. Nf3 Re8 10. O-O h6 11. c5 exd4 12. cxd6 cxd6 13. cxd4 Nb6 14. e5 {1-0 (41) Bromberger,S (2500)-Braun,A (2567) Austria 2014}) 8. Ne2 Re8 9. f4 Qe7 $146 ({Predecessor:} 9... Bg4 10. O-O Bxe2 11. Qxe2 c5 12. fxe5 dxe5 13. d5 h6 14. g4 {1-0 (31) Studnicka,T (2273)-Willim,M (2078) Bayern 2007}) 10. Ng3 Nc6 11. fxe5 dxe5 12. d5 Na5 13. Qa4 b6 14. Ba3 Qd7 15. Qc2 c5 16. O-O Qe7 17. Bc1 h6 18. Rf3 Bg4 19. Rf2 $11 Rf8 20. Be3 Bd7 21. h3 Ne8 22. Raf1 f6 23. Nh5 Qf7 24. g4 Qg6 25. Ng3 Nd6 26. Qe2 Kf7 27. Rg2 Ke7 28. Nf5+ Bxf5 29. gxf5 Qf7 30. Kh2 Rh8 31. Rfg1 Rag8 32. Rg6 Kf8 33. Qf2 Qc7 34. Qh4 Qf7 35. Qg4 Nc8 36. Qd1 Nd6 37. R1g3 Qd7 38. Qg1 Qf7 39. Qg2 Nc8 40. Be2 h5 41. Qg1 Nb7 42. Rg2 Ne7 43. R6g3 Nc8 44. Bd3 Ncd6 45. Qf2 Qc7 46. Rg6 Qf7 47. Qh4 Nc8 48. Rg1 Ne7 49. R6g2 Nc8 50. Qf2 Ncd6 51. a4 Qc7 52. Qh4 Qf7 53. Rg6 Nc8 54. a5 Nxa5 55. Ra1 Nb7 56. Rg2 Nbd6 57. Rg6 1/2-1/2

[Event "EYTCC U18 Open 2019"]
[Site "Pardubice"]
[Date "2019.07.11"]
[Round "1.5"]
[White "Ivic, Velimir"]
[Black "Willow, Jonah B"]
[Result "1-0"]
[ECO "A77"]
[WhiteElo "2510"]
[BlackElo "2343"]
[Annotator "ChessBase"]
[PlyCount "99"]
[EventDate "2019.07.11"]
[EventType "swiss"]
[EventCountry "CZE"]
[SourceTitle "playchess.com"]
[Source "ChessBase"]
[SourceQuality "1"]
[WhiteTeam "Serbia"]
[BlackTeam "England"]
[WhiteTeamCountry "SRB"]
[BlackTeamCountry "ENG"]
[TimeControl "40/5400+30:1800+30"]

1. d4 Nf6 2. c4 c5 3. d5 e6 4. Nc3 exd5 5. cxd5 d6 6. Nf3 g6 7. Nd2 Bg7 8. e4 O-O 9. Be2 Re8 10. O-O a6 11. a4 Nbd7 12. h3 g5 13. Nc4 Nxe4 14. Nxe4 Rxe4 15. Nxd6 Rd4 16. Qc2 Nf6 17. Nxc8 Rxc8 18. Bxg5 Qxd5 19. Be3 Qe4 20. Rfc1 Rdd8 21. Qb3 Nd5 22. Bf3 Qe5 23. Bxc5 Qxb2 24. Rab1 Qxb3 25. Rxb3 Bf8 26. Ba3 Bxa3 27. Rxc8 Rxc8 28. Rxa3 Rc5 29. Rd3 Nc3 30. a5 Na4 31. Rd7 Rxa5 32. Bd5 Nc5 33. Rxf7 Kh8 34. Bxb7 Rb5 35. Bd5 a5 36. h4 a4 37. h5 Rb6 38. Ra7 Ra6 39. Rc7 Nd3 40. Bc4 a3 41. h6 Ra8 42. Bd5 Rf8 43. f3 Ne5 44. Ra7 Rd8 45. Rxa3 Nf7 46. Be4 Kg8 47. Ra7 Nxh6 48. Bxh7+ Kf8 49. Be4 Nf7 50. Ra8 1-0

[Event "EYTCC U18 Open 2019"]
[Site "Pardubice"]
[Date "2019.07.11"]
[Round "1.6"]
[White "Derakhshani, Borna"]
[Black "Radovanovic, Mihajlo"]
[Result "1-0"]
[ECO "A04"]
[WhiteElo "2300"]
[BlackElo "2500"]
[Annotator "ChessBase"]
[PlyCount "99"]
[EventDate "2019.07.11"]
[EventType "swiss"]
[EventCountry "CZE"]
[SourceTitle "playchess.com"]
[Source "ChessBase"]
[SourceQuality "1"]
[WhiteTeam "England"]
[BlackTeam "Serbia"]
[WhiteTeamCountry "ENG"]
[BlackTeamCountry "SRB"]
[TimeControl "40/5400+30:1800+30"]

1. Nf3 g6 2. c4 Bg7 3. Nc3 d6 4. b3 e5 5. e4 Nc6 6. d3 Nf6 7. g3 O-O 8. Bg2 Nd7 9. Nd5 Nc5 10. Bg5 f6 11. Be3 Ne6 12. h4 f5 13. h5 f4 14. gxf4 exf4 15. Bd2 Ne5 16. hxg6 hxg6 17. Nxe5 Bxe5 18. Bh3 c6 19. Bxe6+ Bxe6 20. d4 Bxd4 21. Nxf4 Qf6 22. Rc1 Rae8 23. Be3 c5 24. Qf3 Bf7 25. Qh3 Qg7 26. Bxd4 cxd4 27. f3 d3 28. Nxd3 d5 29. cxd5 Bxd5 30. Rc7 Rf7 31. Rxf7 Bxf7 32. Ke2 Rd8 33. Qh6 Qxh6 34. Rxh6 a5 35. Ne5 Be8 36. Ke3 Rc8 37. Rh2 b5 38. f4 Kg7 39. Rd2 b4 40. Rd5 Ra8 41. Nd3 Ra7 42. e5 Kf7 43. Kd4 Ke7 44. Rd6 Rd7 45. Kd5 Bf7+ 46. Kc6 Ra7 47. Nc5 Ra8 48. Rd7+ Kf8 49. e6 Rc8+ 50. Rc7 1-0

[Event "EYTCC U18 Open 2019"]
[Site "Pardubice"]
[Date "2019.07.11"]
[Round "1.7"]
[White "Budisavljevic, Luka"]
[Black "Grieve, Harry"]
[Result "1/2-1/2"]
[ECO "D02"]
[WhiteElo "2351"]
[BlackElo "2235"]
[Annotator "RC"]
[PlyCount "60"]
[EventDate "2019.07.11"]
[EventType "swiss"]
[EventCountry "CZE"]
[WhiteTeam "Serbia"]
[BlackTeam "England"]
[WhiteTeamCountry "SRB"]
[BlackTeamCountry "ENG"]
[TimeControl "40/5400+30:1800+30"]

1. d4 d5 2. Nf3 e6 3. e3 Bd6 4. c4 c6 5. Bd3 f5 6. O-O Nf6 7. b3 Qe7 8. Bb2 O-O 9. Qc1 b6 10. Ba3 c5 11. Nc3 Ba6 12. Rd1 dxc4 13. Bxc4 Bxc4 14. bxc4 Nc6 15. Nb5 Rfd8 16. Nxd6 Rxd6 17. dxc5 bxc5 18. Rxd6 Qxd6 19. Qd2 Qxd2 20. Nxd2 Nb4 21. Bb2 Rd8 22. Nb3 Ne4 23. f3 Nd2 24. Na5 Nc2 25. Rc1 Nxe3 26. Ba3 Ndf1 27. Nb3 Nd2 28. Na5 Ndf1 29. Nb3 Nd2 30. Na5 Ndf1 1/2-1/2

[Event "EYTCC U18 Open 2019"]
[Site "Pardubice"]
[Date "2019.07.11"]
[Round "1.9"]
[White "Parkhov, Yair"]
[Black "Erenberg, Ariel"]
[Result "1/2-1/2"]
[ECO "E16"]
[WhiteElo "2354"]
[BlackElo "2442"]
[Annotator "ChessBase"]
[PlyCount "27"]
[EventDate "2019.07.11"]
[EventType "swiss"]
[EventCountry "CZE"]
[SourceTitle "playchess.com"]
[Source "ChessBase"]
[SourceQuality "1"]
[WhiteTeam "Israel"]
[BlackTeam "Israel"]
[WhiteTeamCountry "ISR"]
[BlackTeamCountry "ISR"]
[TimeControl "40/5400+30:1800+30"]

1. d4 Nf6 2. c4 e6 3. Nf3 b6 4. g3 Bb7 5. Bg2 Bb4+ 6. Bd2 Be7 7. Nc3 c6 8. Bf4 d5 9. Qb3 O-O 10. O-O Nh5 11. Bd2 Nf6 12. Bf4 Nh5 13. Bd2 Nf6 14. Bf4 1/2-1/2

[Event "EYTCC U18 Open 2019"]
[Site "Pardubice"]
[Date "2019.07.11"]
[Round "1.10"]
[White "Bronstein, Or"]
[Black "Zlatin, Alexander"]
[Result "1/2-1/2"]
[ECO "E73"]
[WhiteElo "2378"]
[BlackElo "2270"]
[Annotator "NA"]
[PlyCount "161"]
[EventDate "2019.07.11"]
[EventType "swiss"]
[EventCountry "CZE"]
[SourceTitle "playchess.com"]
[Source "ChessBase"]
[SourceQuality "1"]
[WhiteTeam "Israel"]
[BlackTeam "Israel"]
[WhiteTeamCountry "ISR"]
[BlackTeamCountry "ISR"]
[TimeControl "40/5400+30:1800+30"]

1. d4 Nf6 2. c4 g6 3. Nc3 Bg7 4. e4 d6 5. Be2 O-O 6. Be3 Nc6 7. d5 Ne5 8. f4 Neg4 9. Bd2 Nh6 10. Nf3 c6 11. Be3 b5 12. Nd4 Nfg4 13. Bg1 Bxd4 14. Qxd4 c5 15. Qd2 b4 16. Nd1 e6 17. dxe6 fxe6 $14 18. Nf2 Nxf2 19. Bxf2 Nf7 20. O-O-O Bb7 21. Qe3 Qf6 22. Rhf1 e5 23. f5 gxf5 24. exf5 Qxf5 25. Bh4 Qe4 26. Qg3+ Qg6 27. Bh5 Qxg3 28. hxg3 Nh6 29. g4 Bxg2 30. Rg1 Bf3 31. Rxd6 Nf7 32. Re6 e4 33. Be7 Rfe8 34. Rf1 Rac8 35. Rxe4 Bxe4 36. Bxf7+ Kg7 37. Bxe8 Rxe8 38. Bxc5 Bd3 39. Rf4 Re2 40. Kd1 Rc2 41. Bd4+ Kg8 42. c5 a5 43. Rf3 Bg6 44. Rf6 Rc4 45. Rd6 b3 46. axb3 Bc2+ 47. Kd2 Bxb3 48. Kd3 a4 49. Rd7 h6 50. Rd6 Rc1 51. Rxh6 Rd1+ 52. Ke4 Re1+ 53. Kf4 Bd5 54. Be5 Rc1 55. Bd4 Re1 56. Kf5 Re4 57. Be5 Rc4 58. Rh8+ Kf7 59. Rh7+ Ke8 60. Rh8+ Kf7 61. Rh7+ Ke8 62. Rc7 Kd8 63. g5 Rc2 64. Kg6 Re2 65. Kf6 Rf2+ 66. Kg6 Re2 67. Bd6 Rxb2 68. Ra7 Ra2 69. Bc7+ Kd7 70. Bd6+ Kc6 71. Ra6+ Kd7 72. Be5 Be4+ 73. Kg7 a3 74. Rd6+ Kc8 75. Rb6 Kd7 76. Rd6+ Kc8 77. Kf7 Rg2 78. Kf6 a2 79. c6 Rc2 80. Ke7 Rxc6 81. Rxc6+ 1/2-1/2

[Event "EYTCC U18 Open 2019"]
[Site "Pardubice"]
[Date "2019.07.11"]
[Round "1.11"]
[White "Rozen, Eytan"]
[Black "Emanuel, Yahav"]
[Result "0-1"]
[ECO "A05"]
[WhiteElo "2260"]
[BlackElo "2359"]
[Annotator "NA"]
[PlyCount "116"]
[EventDate "2019.07.11"]
[EventType "swiss"]
[EventCountry "CZE"]
[SourceTitle "playchess.com"]
[Source "ChessBase"]
[SourceQuality "1"]
[WhiteTeam "Israel"]
[BlackTeam "Israel"]
[WhiteTeamCountry "ISR"]
[BlackTeamCountry "ISR"]
[TimeControl "40/5400+30:1800+30"]

1. Nf3 Nf6 2. e3 d5 3. b4 e6 4. a3 a5 5. b5 Nbd7 6. d4 c5 7. bxc6 bxc6 8. c4 Ba6 9. Nbd2 Be7 10. Be2 O-O 11. O-O Rb8 12. Qc2 c5 13. Bb2 Nb6 14. dxc5 Bxc5 15. Nb3 Rc8 16. Nxc5 Rxc5 17. Bd4 Rc8 18. c5 Bxe2 19. Qxe2 Nc4 20. Rfc1 Ne4 21. Ne5 Nxc5 22. Nxc4 Nb3 23. Qb2 Nxc1 24. Nb6 Nd3 25. Qd2 Rc6 26. Qxd3 Rxb6 27. Bxb6 Qxb6 28. Rb1 Qc7 29. g3 Rb8 30. Rxb8+ Qxb8 31. e4 Qa8 32. exd5 exd5 33. Qd4 h5 34. h4 Qc6 35. Qa7 a4 36. Qb8+ Kh7 37. Qe5 g6 38. Qf4 Kg8 39. Qb8+ Kg7 40. Qb2+ Qf6 41. Qb4 Qa1+ 42. Kg2 Qd1 43. Qb5 Qd4 44. Qc6 Qe4+ 45. Kh2 Qc4 46. Qd6 d4 47. Qe5+ Kh7 48. Qf4 Qd5 49. Qd2 d3 50. Kg1 Kg7 51. Qb2+ Kg8 52. Qd2 Qd4 53. Kg2 Qe4+ 54. f3 Qd4 55. f4 Qd5+ 56. Kg1 Qc5+ 57. Kg2 Qc2 58. Qf2 d2 0-1

[Event "EYTCC U18 Open 2019"]
[Site "Pardubice"]
[Date "2019.07.11"]
[Round "1.12"]
[White "Globus, Or"]
[Black "Gleizer, Adar"]
[Result "1-0"]
[ECO "C45"]
[WhiteElo "2352"]
[BlackElo "1748"]
[Annotator "ChessBase"]
[PlyCount "55"]
[EventDate "2019.07.11"]
[EventType "swiss"]
[EventCountry "CZE"]
[SourceTitle "playchess.com"]
[Source "ChessBase"]
[SourceQuality "1"]
[WhiteTeam "Israel"]
[BlackTeam "Israel"]
[WhiteTeamCountry "ISR"]
[BlackTeamCountry "ISR"]
[TimeControl "40/5400+30:1800+30"]

1. e4 e5 2. Nf3 Nc6 3. d4 exd4 4. Nxd4 Nf6 5. Nxc6 bxc6 6. e5 Qe7 7. Qe2 Nd5 8. h4 d6 9. c4 Ba6 10. Bg5 f6 11. exf6 Nxf6 12. Bxf6 gxf6 13. Nd2 O-O-O 14. Qxe7 Bxe7 15. O-O-O d5 16. b3 Bb4 17. Rh3 Rhe8 18. Kc2 dxc4 19. bxc4 Rd4 20. Bd3 Red8 21. Nb3 Rf4 22. Rf3 Rxf3 23. gxf3 Be7 24. Bf5+ Kb8 25. Rb1 Ka8 26. Be4 Rb8 27. Bxc6+ Bb7 28. Na5 1-0

[Event "EYTCC U18 Open 2019"]
[Site "Pardubice"]
[Date "2019.07.11"]
[Round "1.13"]
[White "Blohberger, Felix"]
[Black "Jakab, Bela"]
[Result "1-0"]
[ECO "C07"]
[WhiteElo "2476"]
[BlackElo "2278"]
[Annotator "ChessBase"]
[PlyCount "93"]
[EventDate "2019.07.11"]
[EventType "swiss"]
[EventCountry "CZE"]
[SourceTitle "playchess.com"]
[Source "ChessBase"]
[SourceQuality "1"]
[WhiteTeam "Austria"]
[BlackTeam "Slovakia"]
[WhiteTeamCountry "AUT"]
[BlackTeamCountry "SVK"]
[TimeControl "40/5400+30:1800+30"]

1. e4 e6 2. d4 d5 3. Nd2 c5 4. Ngf3 cxd4 5. Nxd4 Nf6 6. exd5 Qxd5 7. Nb5 Na6 8. Nc3 Qd8 9. Be2 Bb4 10. O-O Bxc3 11. bxc3 O-O 12. Ba3 Re8 13. Nc4 Qc7 14. Qd6 Bd7 15. Qxc7 Nxc7 16. Ne5 Ba4 17. Bf3 Nb5 18. Bb2 Nd6 19. Rfd1 Nf5 20. Rd2 Rac8 21. c4 Nh4 22. Be2 Ng6 23. f3 b6 24. Rb1 Nxe5 25. Bxe5 Nd7 26. Bd4 e5 27. Be3 Nc5 28. Rb4 Bc6 29. Bxc5 bxc5 30. Rb3 f6 31. Kf2 Kf8 32. Ra3 Rc7 33. Ra5 e4 34. fxe4 Bxe4 35. Bf3 Re6 36. Re2 f5 37. Bxe4 fxe4 38. Ke3 Ke8 39. Rf2 Re5 40. Rd2 Ke7 41. Rd5 Rxd5 42. cxd5 Rb7 43. Kxe4 Kd6 44. Ra6+ Kd7 45. Ke5 Rc7 46. Rd6+ Ke7 47. Rc6 1-0

[Event "EYTCC U18 Open 2019"]
[Site "Pardubice"]
[Date "2019.07.11"]
[Round "1.14"]
[White "Bugar, Peter"]
[Black "Horvath, Dominik"]
[Result "0-1"]
[ECO "A37"]
[WhiteElo "2002"]
[BlackElo "2424"]
[Annotator "NA"]
[PlyCount "92"]
[EventDate "2019.07.11"]
[EventType "swiss"]
[EventCountry "CZE"]
[SourceTitle "playchess.com"]
[Source "ChessBase"]
[SourceQuality "1"]
[WhiteTeam "Slovakia"]
[BlackTeam "Austria"]
[WhiteTeamCountry "SVK"]
[BlackTeamCountry "AUT"]
[TimeControl "40/5400+30:1800+30"]

1. c4 c5 2. Nc3 g6 3. g3 Bg7 4. Bg2 Nc6 5. Nf3 e5 6. O-O Nge7 7. d3 O-O 8. Nd2 d6 9. a3 a5 10. Nd5 Bg4 11. h3 Be6 12. Rb1 f5 13. e3 Rb8 14. b3 b5 15. Bb2 a4 16. Nxe7+ Nxe7 17. cxb5 Rxb5 18. bxa4 Rb8 19. Ba1 Qd7 20. Qc2 Nc6 21. Nc4 f4 22. exf4 exf4 23. Bxg7 Kxg7 24. Nb6 Qe8 25. gxf4 Nd4 26. Qd2 Rxf4 27. Rfe1 Qf7 28. Nc4 Rxb1 29. Rxb1 d5 30. Nd6 Qf8 31. Rb7+ Kg8 32. Nb5 Nf3+ 33. Bxf3 Rxf3 34. Qe2 Qf6 35. Rb8+ Kg7 36. Re8 Qg5+ 37. Kf1 Rxh3 38. Qxe6 Rh1+ 39. Ke2 Qh5+ 40. Kd2 Qd1+ 41. Kc3 Qa1+ 42. Kd2 Qc1+ 43. Ke2 Qd1+ 44. Ke3 Re1+ 45. Kf4 Rxe6 46. Rxe6 Qxa4+ 0-1

[Event "EYTCC U18 Open 2019"]
[Site "Pardubice"]
[Date "2019.07.11"]
[Round "1.15"]
[White "Leisch, Lukas"]
[Black "Viczencz, Peter"]
[Result "1/2-1/2"]
[ECO "A13"]
[WhiteElo "2327"]
[BlackElo "2014"]
[Annotator "NA"]
[PlyCount "106"]
[EventDate "2019.07.11"]
[EventType "swiss"]
[EventCountry "CZE"]
[SourceTitle "playchess.com"]
[Source "ChessBase"]
[SourceQuality "1"]
[WhiteTeam "Austria"]
[BlackTeam "Slovakia"]
[WhiteTeamCountry "AUT"]
[BlackTeamCountry "SVK"]
[TimeControl "40/5400+30:1800+30"]

1. c4 e6 2. Nc3 d5 3. e3 Nf6 4. Nf3 dxc4 5. Bxc4 a6 6. a4 c5 7. O-O Bd6 8. Qe2 Qc7 9. d4 O-O 10. Rd1 b6 11. d5 exd5 12. Nxd5 Nxd5 13. Bxd5 Ra7 14. Ng5 h6 15. Nxf7 Rxf7 16. Bxf7+ Kxf7 17. Qh5+ Kf8 18. e4 Be5 19. Ra3 Qe7 20. Rf3+ Kg8 21. Bxh6 Rd7 22. Rxd7 Nxd7 23. Bg5 Nf6 24. Bxf6 Bxf6 25. Qd5+ Be6 26. Qa8+ Qd8 27. Qxd8+ Bxd8 28. Rd3 Bc7 29. b3 b5 30. axb5 axb5 31. g3 c4 32. bxc4 bxc4 33. Ra3 Be5 34. Kf1 Bb2 35. Ra8+ Kh7 36. Ke2 c3 37. Kd3 Bb3 38. Rc8 c2 39. Rxc2 Bxc2+ 40. Kxc2 Bd4 41. f3 Bg1 42. h3 Bh2 43. g4 Kg6 44. Kd3 Bf4 45. Kd4 Kf6 46. h4 Ke6 47. h5 Kf6 48. e5+ Bxe5+ 49. Ke4 Bc3 50. f4 Bb2 51. g5+ Ke6 52. f5+ Kf7 53. f6 gxf6 1/2-1/2

[Event "EYTCC U18 Open 2019"]
[Site "Pardubice"]
[Date "2019.07.11"]
[Round "1.16"]
[White "Matis, Tibor"]
[Black "Morgunov, Marc"]
[Result "0-1"]
[ECO "B92"]
[WhiteElo "1862"]
[BlackElo "2314"]
[Annotator "RC"]
[PlyCount "52"]
[EventDate "2019.07.11"]
[EventType "swiss"]
[EventCountry "CZE"]
[WhiteTeam "Slovakia"]
[BlackTeam "Austria"]
[WhiteTeamCountry "SVK"]
[BlackTeamCountry "AUT"]
[TimeControl "40/5400+30:1800+30"]

1. e4 c5 2. Nf3 d6 3. d4 cxd4 4. Nxd4 Nf6 5. Nc3 a6 6. Be2 e5 7. Nf3 Be7 8. O-O O-O 9. Bg5 Be6 10. Bxf6 Bxf6 11. Nd5 Nd7 12. c4 Be7 13. Nd2 Bxd5 14. cxd5 g6 15. g4 Bg5 16. Bf3 Bf4 17. Bg2 Rc8 18. b3 b5 19. Rc1 Qa5 20. b4 Qxb4 21. Rxc8 Rxc8 22. Nb3 a5 23. g5 a4 24. Na1 Qb2 25. Bh3 Rc1 26. Qd3 Nc5 0-1

[Event "EYTCC U18 Open 2019"]
[Site "Pardubice"]
[Date "2019.07.11"]
[Round "1.25"]
[White "Schoppen, Casper"]
[Black "Gavrilescu, David"]
[Result "1-0"]
[ECO "C11"]
[WhiteElo "2493"]
[BlackElo "2473"]
[Annotator "ChessBase"]
[PlyCount "49"]
[EventDate "2019.07.11"]
[EventType "swiss"]
[EventCountry "CZE"]
[SourceTitle "playchess.com"]
[Source "ChessBase"]
[SourceQuality "1"]
[WhiteTeam "Netherlands"]
[BlackTeam "Romania"]
[WhiteTeamCountry "NED"]
[BlackTeamCountry "ROU"]
[TimeControl "40/5400+30:1800+30"]

1. e4 e6 2. d4 d5 3. Nc3 Nf6 4. e5 Nfd7 5. f4 c5 6. Nf3 Be7 7. Be3 O-O 8. Qd2 a6 9. Bd3 cxd4 10. Nxd4 Nc5 11. O-O Nxd3 12. cxd3 Bd7 13. Rac1 Nc6 14. Nxc6 Bxc6 15. Ne2 Rc8 16. Nd4 Qd7 17. f5 exf5 18. Nxf5 Bb5 19. Bg5 Bxg5 20. Qxg5 f6 21. exf6 Rxc1 22. Rxc1 Rxf6 23. Rc8+ Kf7 24. Qxg7+ Ke6 25. Nd4+ 1-0

[Event "EYTCC U18 Open 2019"]
[Site "Pardubice"]
[Date "2019.07.11"]
[Round "1.26"]
[White "Stoleriu, George"]
[Black "Kevlishvili, Robby"]
[Result "0-1"]
[ECO "B51"]
[WhiteElo "2360"]
[BlackElo "2480"]
[Annotator "ChessBase"]
[PlyCount "110"]
[EventDate "2019.07.11"]
[EventType "swiss"]
[EventCountry "CZE"]
[SourceTitle "playchess.com"]
[Source "ChessBase"]
[SourceQuality "1"]
[WhiteTeam "Romania"]
[BlackTeam "Netherlands"]
[WhiteTeamCountry "ROU"]
[BlackTeamCountry "NED"]
[TimeControl "40/5400+30:1800+30"]

1. e4 c5 2. Nf3 d6 3. Bb5+ Nd7 4. d4 cxd4 5. Qxd4 a6 6. Bxd7+ Bxd7 7. c4 Nf6 8. Nc3 e6 9. O-O Be7 10. Bg5 O-O 11. Bxf6 Bxf6 12. Qxd6 Bxc3 13. bxc3 Bc6 14. Rfd1 Qxd6 15. Rxd6 Bxe4 16. Ne5 Rfd8 17. Rad1 Rxd6 18. Rxd6 f6 19. Nd7 Bc6 20. Nc5 e5 21. f3 Kf8 22. Ne6+ Kf7 23. Nc7 Rc8 24. Nd5 Ke8 25. Re6+ Kf8 26. Nb4 Kf7 27. Rd6 Ke7 28. c5 a5 29. Nxc6+ Rxc6 30. Rd5 Rc7 31. Rd6 Rxc5 32. Rb6 Rxc3 33. Rxb7+ Kf8 34. Rb2 a4 35. Kf2 a3 36. Rd2 Ke7 37. h4 Ke6 38. Kg3 h5 39. Kf2 Kf5 40. Kg3 g6 41. Re2 g5 42. hxg5 fxg5 43. Kf2 g4 44. fxg4+ hxg4 45. Ke1 Rc1+ 46. Kd2 Rb1 47. Kd3 Kf4 48. Re4+ Kg3 49. Ra4 Rb2 50. Rxa3 Kxg2 51. Ke4 g3 52. Kxe5 Kf2 53. Ra8 g2 54. Rf8+ Ke1 55. Rg8 Kf1 0-1

[Event "EYTCC U18 Open 2019"]
[Site "Pardubice"]
[Date "2019.07.11"]
[Round "1.27"]
[White "Vrolijk, Liam"]
[Black "Ileana, George"]
[Result "1-0"]
[ECO "A17"]
[WhiteElo "2478"]
[BlackElo "2344"]
[Annotator "ChessBase"]
[PlyCount "149"]
[EventDate "2019.07.11"]
[EventType "swiss"]
[EventCountry "CZE"]
[SourceTitle "playchess.com"]
[Source "ChessBase"]
[SourceQuality "1"]
[WhiteTeam "Netherlands"]
[BlackTeam "Romania"]
[WhiteTeamCountry "NED"]
[BlackTeamCountry "ROU"]
[TimeControl "40/5400+30:1800+30"]

1. Nf3 Nf6 2. c4 e6 3. Nc3 Bb4 4. Qc2 O-O 5. a3 Bxc3 6. Qxc3 d6 7. b4 a5 8. Bb2 axb4 9. axb4 Rxa1+ 10. Bxa1 e5 11. e3 b6 12. Be2 Bb7 13. O-O Nbd7 14. d4 e4 15. Nd2 d5 16. c5 c6 17. b5 Qc7 18. Rc1 Rc8 19. bxc6 Qxc6 20. Nb3 Ra8 21. Qb4 Ra4 22. Qd2 Ra8 23. cxb6 Qxb6 24. Nc5 Bc8 25. Bc3 Nf8 26. Qb2 Qxb2 27. Bxb2 Rb8 28. Bc3 Bg4 29. f3 exf3 30. gxf3 Bf5 31. Kf2 Rb1 32. Rxb1 Bxb1 33. Ba5 Ne6 34. Na4 g5 35. Nc3 Bc2 36. Bb4 Kg7 37. Be7 Bb3 38. Bb5 h6 39. Bc6 Nc7 40. Bd8 Nce8 41. e4 dxe4 42. fxe4 Kf8 43. e5 Ng4+ 44. Kg3 Ne3 45. d5 Nc4 46. d6 Ncxd6 47. exd6 Nxd6 48. Bf6 Be6 49. Kf3 Kg8 50. Nb5 Nxb5 51. Bxb5 Bf5 52. Bc4 Bc2 53. Ke3 Bg6 54. Kd4 Bh5 55. Ke5 Bg6 56. Kd6 Bh5 57. Ke7 Bg6 58. Ke8 Bh5 59. Be7 Bg6 60. Bf8 h5 61. Be7 Kg7 62. Kd7 Bf5+ 63. Kd6 f6 64. Be6 Bc2 65. Bd8 g4 66. Bb6 Kg6 67. Bf2 Kg5 68. Be3+ Kg6 69. Ke7 Bd1 70. Bf7+ Kf5 71. Bxh5 Ke4 72. Bb6 Kf3 73. Bc7 f5 74. Kf6 Kg2 75. Kg5 1-0

[Event "EYTCC U18 Open 2019"]
[Site "Pardubice"]
[Date "2019.07.11"]
[Round "1.28"]
[White "Ognean, Mihnea-Ionut"]
[Black "Van Dael, Siem"]
[Result "1-0"]
[ECO "E93"]
[WhiteElo "2287"]
[BlackElo "2319"]
[Annotator "NA"]
[PlyCount "59"]
[EventDate "2019.07.11"]
[EventType "swiss"]
[EventCountry "CZE"]
[SourceTitle "playchess.com"]
[Source "ChessBase"]
[SourceQuality "1"]
[WhiteTeam "Romania"]
[BlackTeam "Netherlands"]
[WhiteTeamCountry "ROU"]
[BlackTeamCountry "NED"]
[TimeControl "40/5400+30:1800+30"]

1. d4 Nf6 2. c4 g6 3. Nc3 Bg7 4. e4 d6 5. Nf3 O-O 6. Be2 e5 7. d5 Nbd7 8. Be3 Ng4 9. Bg5 f6 10. Bd2 f5 11. exf5 gxf5 12. Ng5 Nc5 13. h3 h6 14. hxg4 hxg5 15. Be3 e4 16. Qc2 fxg4 17. O-O-O Qe8 18. Bxc5 dxc5 19. Nxe4 Bf5 20. Bd3 Qe5 21. Nxc5 b6 22. Ne6 Bxe6 23. Bh7+ Kf7 24. dxe6+ Ke7 25. Rd7+ Kxe6 26. Rxg7 Qxg7 27. Re1+ Kd7 28. Bf5+ Kd6 29. Qd3+ Kc6 30. Qd5# {[%emt 0:00:04] Kxd5} 1-0